%YAML 1.1
%TAG !u! tag:unity3d.com,2011:
--- !u!1 &3353952917585077125
GameObject:
  m_ObjectHideFlags: 0
  m_CorrespondingSourceObject: {fileID: 0}
  m_PrefabInstance: {fileID: 0}
  m_PrefabAsset: {fileID: 0}
  serializedVersion: 6
  m_Component:
  - component: {fileID: 4853619684983720905}
  - component: {fileID: 4442581726849344432}
  m_Layer: 0
  m_Name: Poravnavanje
  m_TagString: Untagged
  m_Icon: {fileID: 0}
  m_NavMeshLayer: 0
  m_StaticEditorFlags: 0
  m_IsActive: 1
--- !u!4 &4853619684983720905
Transform:
  m_ObjectHideFlags: 0
  m_CorrespondingSourceObject: {fileID: 0}
  m_PrefabInstance: {fileID: 0}
  m_PrefabAsset: {fileID: 0}
  m_GameObject: {fileID: 3353952917585077125}
  m_LocalRotation: {x: -0, y: -0, z: -0, w: 1}
  m_LocalPosition: {x: 0, y: 0, z: 0}
  m_LocalScale: {x: 1, y: 1, z: 1}
  m_Children:
  - {fileID: 5210507753763783408}
  - {fileID: 1447924992768467058}
  - {fileID: 6363640995377902564}
  - {fileID: 1210083525036615321}
  - {fileID: 6122195191897608241}
  - {fileID: 5598222447893870271}
  m_Father: {fileID: 8911395802091457606}
  m_RootOrder: 0
  m_LocalEulerAnglesHint: {x: 0, y: 0, z: 0}
--- !u!156049354 &4442581726849344432
Grid:
  m_ObjectHideFlags: 0
  m_CorrespondingSourceObject: {fileID: 0}
  m_PrefabInstance: {fileID: 0}
  m_PrefabAsset: {fileID: 0}
  m_GameObject: {fileID: 3353952917585077125}
  m_Enabled: 1
  m_CellSize: {x: 0.01, y: 0.01, z: 0.01}
  m_CellGap: {x: 0, y: 0, z: 0}
  m_CellLayout: 0
  m_CellSwizzle: 0
--- !u!114 &3817739642613573977
MonoBehaviour:
  m_ObjectHideFlags: 0
  m_CorrespondingSourceObject: {fileID: 0}
  m_PrefabInstance: {fileID: 0}
  m_PrefabAsset: {fileID: 0}
  m_GameObject: {fileID: 6363640995377902565}
  m_Enabled: 1
  m_EditorHideFlags: 0
  m_Script: {fileID: 11500000, guid: 38d32a2f82ec1de47aedfc84b1a0367c, type: 3}
  m_Name: 
  m_EditorClassIdentifier: 
--- !u!1 &6763826379922185151
GameObject:
  m_ObjectHideFlags: 0
  m_CorrespondingSourceObject: {fileID: 0}
  m_PrefabInstance: {fileID: 0}
  m_PrefabAsset: {fileID: 0}
  serializedVersion: 6
  m_Component:
  - component: {fileID: 8911395802091457606}
  m_Layer: 0
  m_Name: BCluster2
  m_TagString: Untagged
  m_Icon: {fileID: 0}
  m_NavMeshLayer: 0
  m_StaticEditorFlags: 0
  m_IsActive: 1
--- !u!4 &8911395802091457606
Transform:
  m_ObjectHideFlags: 0
  m_CorrespondingSourceObject: {fileID: 0}
  m_PrefabInstance: {fileID: 0}
  m_PrefabAsset: {fileID: 0}
  m_GameObject: {fileID: 6763826379922185151}
  m_LocalRotation: {x: 0, y: 0, z: 0, w: 1}
  m_LocalPosition: {x: 0, y: 0, z: 0}
  m_LocalScale: {x: 1, y: 1, z: 1}
  m_Children:
  - {fileID: 4853619684983720905}
  m_Father: {fileID: 0}
  m_RootOrder: 0
  m_LocalEulerAnglesHint: {x: 0, y: 0, z: 0}
--- !u!1001 &261203484544260024
PrefabInstance:
  m_ObjectHideFlags: 0
  serializedVersion: 2
  m_Modification:
    m_TransformParent: {fileID: 4853619684983720905}
    m_Modifications:
    - target: {fileID: 1393001661345493280, guid: 263cadc0b71be2742b414cf477263e3e,
        type: 3}
      propertyPath: m_Name
      value: Room T (2)
      objectReference: {fileID: 0}
    - target: {fileID: 1393001661345493281, guid: 263cadc0b71be2742b414cf477263e3e,
        type: 3}
      propertyPath: m_LocalPosition.x
      value: 0
      objectReference: {fileID: 0}
    - target: {fileID: 1393001661345493281, guid: 263cadc0b71be2742b414cf477263e3e,
        type: 3}
      propertyPath: m_LocalPosition.y
      value: -4
      objectReference: {fileID: 0}
    - target: {fileID: 1393001661345493281, guid: 263cadc0b71be2742b414cf477263e3e,
        type: 3}
      propertyPath: m_LocalPosition.z
      value: 0
      objectReference: {fileID: 0}
    - target: {fileID: 1393001661345493281, guid: 263cadc0b71be2742b414cf477263e3e,
        type: 3}
      propertyPath: m_LocalRotation.x
      value: 0
      objectReference: {fileID: 0}
    - target: {fileID: 1393001661345493281, guid: 263cadc0b71be2742b414cf477263e3e,
        type: 3}
      propertyPath: m_LocalRotation.y
      value: 0
      objectReference: {fileID: 0}
    - target: {fileID: 1393001661345493281, guid: 263cadc0b71be2742b414cf477263e3e,
        type: 3}
      propertyPath: m_LocalRotation.z
      value: 0
      objectReference: {fileID: 0}
    - target: {fileID: 1393001661345493281, guid: 263cadc0b71be2742b414cf477263e3e,
        type: 3}
      propertyPath: m_LocalRotation.w
      value: 1
      objectReference: {fileID: 0}
    - target: {fileID: 1393001661345493281, guid: 263cadc0b71be2742b414cf477263e3e,
        type: 3}
      propertyPath: m_RootOrder
      value: 3
      objectReference: {fileID: 0}
    - target: {fileID: 1393001661345493281, guid: 263cadc0b71be2742b414cf477263e3e,
        type: 3}
      propertyPath: m_LocalEulerAnglesHint.x
      value: 0
      objectReference: {fileID: 0}
    - target: {fileID: 1393001661345493281, guid: 263cadc0b71be2742b414cf477263e3e,
        type: 3}
      propertyPath: m_LocalEulerAnglesHint.y
      value: 0
      objectReference: {fileID: 0}
    - target: {fileID: 1393001661345493281, guid: 263cadc0b71be2742b414cf477263e3e,
        type: 3}
      propertyPath: m_LocalEulerAnglesHint.z
      value: 0
      objectReference: {fileID: 0}
    - target: {fileID: 6599887360916191983, guid: 263cadc0b71be2742b414cf477263e3e,
        type: 3}
      propertyPath: reachable
      value: 0
      objectReference: {fileID: 0}
    - target: {fileID: 6599887360916191983, guid: 263cadc0b71be2742b414cf477263e3e,
        type: 3}
      propertyPath: securityAddon
      value: 
      objectReference: {fileID: 3275147091866785859}
    m_RemovedComponents: []
  m_SourcePrefab: {fileID: 100100000, guid: 263cadc0b71be2742b414cf477263e3e, type: 3}
--- !u!4 &1210083525036615321 stripped
Transform:
  m_CorrespondingSourceObject: {fileID: 1393001661345493281, guid: 263cadc0b71be2742b414cf477263e3e,
    type: 3}
  m_PrefabInstance: {fileID: 261203484544260024}
  m_PrefabAsset: {fileID: 0}
--- !u!1 &3275147091866785859 stripped
GameObject:
  m_CorrespondingSourceObject: {fileID: 3381169513398882299, guid: 263cadc0b71be2742b414cf477263e3e,
    type: 3}
  m_PrefabInstance: {fileID: 261203484544260024}
  m_PrefabAsset: {fileID: 0}
--- !u!1001 &2500737246924253123
PrefabInstance:
  m_ObjectHideFlags: 0
  serializedVersion: 2
  m_Modification:
    m_TransformParent: {fileID: 6122195191897608241}
    m_Modifications:
    - target: {fileID: 3345791331310210541, guid: ade07b99e5bffac48ad00d520f67c0fd,
        type: 3}
      propertyPath: m_Name
      value: KeySpawn
      objectReference: {fileID: 0}
    - target: {fileID: 5057191478908044712, guid: ade07b99e5bffac48ad00d520f67c0fd,
        type: 3}
      propertyPath: m_LocalPosition.x
      value: -0.6700001
      objectReference: {fileID: 0}
    - target: {fileID: 5057191478908044712, guid: ade07b99e5bffac48ad00d520f67c0fd,
        type: 3}
      propertyPath: m_LocalPosition.y
      value: -0.77999973
      objectReference: {fileID: 0}
    - target: {fileID: 5057191478908044712, guid: ade07b99e5bffac48ad00d520f67c0fd,
        type: 3}
      propertyPath: m_LocalPosition.z
      value: 0
      objectReference: {fileID: 0}
    - target: {fileID: 5057191478908044712, guid: ade07b99e5bffac48ad00d520f67c0fd,
        type: 3}
      propertyPath: m_LocalRotation.x
      value: 0
      objectReference: {fileID: 0}
    - target: {fileID: 5057191478908044712, guid: ade07b99e5bffac48ad00d520f67c0fd,
        type: 3}
      propertyPath: m_LocalRotation.y
      value: 0
      objectReference: {fileID: 0}
    - target: {fileID: 5057191478908044712, guid: ade07b99e5bffac48ad00d520f67c0fd,
        type: 3}
      propertyPath: m_LocalRotation.z
      value: 0
      objectReference: {fileID: 0}
    - target: {fileID: 5057191478908044712, guid: ade07b99e5bffac48ad00d520f67c0fd,
        type: 3}
      propertyPath: m_LocalRotation.w
      value: 1
      objectReference: {fileID: 0}
    - target: {fileID: 5057191478908044712, guid: ade07b99e5bffac48ad00d520f67c0fd,
        type: 3}
      propertyPath: m_RootOrder
      value: 1
      objectReference: {fileID: 0}
    - target: {fileID: 5057191478908044712, guid: ade07b99e5bffac48ad00d520f67c0fd,
        type: 3}
      propertyPath: m_LocalEulerAnglesHint.x
      value: 0
      objectReference: {fileID: 0}
    - target: {fileID: 5057191478908044712, guid: ade07b99e5bffac48ad00d520f67c0fd,
        type: 3}
      propertyPath: m_LocalEulerAnglesHint.y
      value: 0
      objectReference: {fileID: 0}
    - target: {fileID: 5057191478908044712, guid: ade07b99e5bffac48ad00d520f67c0fd,
        type: 3}
      propertyPath: m_LocalEulerAnglesHint.z
      value: 0
      objectReference: {fileID: 0}
    m_RemovedComponents: []
  m_SourcePrefab: {fileID: 100100000, guid: ade07b99e5bffac48ad00d520f67c0fd, type: 3}
--- !u!1001 &3488174087918117003
PrefabInstance:
  m_ObjectHideFlags: 0
  serializedVersion: 2
  m_Modification:
    m_TransformParent: {fileID: 4853619684983720905}
    m_Modifications:
    - target: {fileID: 2625717081278709991, guid: 8abdde931c053eb4090664baa3fdfc7c,
        type: 3}
      propertyPath: m_Name
      value: WeakWallSpawnPoint (1)
      objectReference: {fileID: 0}
    - target: {fileID: 2625717081278710009, guid: 8abdde931c053eb4090664baa3fdfc7c,
        type: 3}
      propertyPath: m_LocalPosition.x
      value: -2
      objectReference: {fileID: 0}
    - target: {fileID: 2625717081278710009, guid: 8abdde931c053eb4090664baa3fdfc7c,
        type: 3}
      propertyPath: m_LocalPosition.y
      value: -4.695
      objectReference: {fileID: 0}
    - target: {fileID: 2625717081278710009, guid: 8abdde931c053eb4090664baa3fdfc7c,
        type: 3}
      propertyPath: m_LocalPosition.z
      value: 0
      objectReference: {fileID: 0}
    - target: {fileID: 2625717081278710009, guid: 8abdde931c053eb4090664baa3fdfc7c,
        type: 3}
      propertyPath: m_LocalRotation.x
      value: 0
      objectReference: {fileID: 0}
    - target: {fileID: 2625717081278710009, guid: 8abdde931c053eb4090664baa3fdfc7c,
        type: 3}
      propertyPath: m_LocalRotation.y
      value: 0
      objectReference: {fileID: 0}
    - target: {fileID: 2625717081278710009, guid: 8abdde931c053eb4090664baa3fdfc7c,
        type: 3}
      propertyPath: m_LocalRotation.z
      value: 0
      objectReference: {fileID: 0}
    - target: {fileID: 2625717081278710009, guid: 8abdde931c053eb4090664baa3fdfc7c,
        type: 3}
      propertyPath: m_LocalRotation.w
      value: 1
      objectReference: {fileID: 0}
    - target: {fileID: 2625717081278710009, guid: 8abdde931c053eb4090664baa3fdfc7c,
        type: 3}
      propertyPath: m_RootOrder
      value: 1
      objectReference: {fileID: 0}
    - target: {fileID: 2625717081278710009, guid: 8abdde931c053eb4090664baa3fdfc7c,
        type: 3}
      propertyPath: m_LocalEulerAnglesHint.x
      value: 0
      objectReference: {fileID: 0}
    - target: {fileID: 2625717081278710009, guid: 8abdde931c053eb4090664baa3fdfc7c,
        type: 3}
      propertyPath: m_LocalEulerAnglesHint.y
      value: 0
      objectReference: {fileID: 0}
    - target: {fileID: 2625717081278710009, guid: 8abdde931c053eb4090664baa3fdfc7c,
        type: 3}
      propertyPath: m_LocalEulerAnglesHint.z
      value: 0
      objectReference: {fileID: 0}
    - target: {fileID: 2625717081278710008, guid: 8abdde931c053eb4090664baa3fdfc7c,
        type: 3}
      propertyPath: dir
      value: 2
      objectReference: {fileID: 0}
    m_RemovedComponents: []
  m_SourcePrefab: {fileID: 100100000, guid: 8abdde931c053eb4090664baa3fdfc7c, type: 3}
--- !u!4 &1447924992768467058 stripped
Transform:
  m_CorrespondingSourceObject: {fileID: 2625717081278710009, guid: 8abdde931c053eb4090664baa3fdfc7c,
    type: 3}
  m_PrefabInstance: {fileID: 3488174087918117003}
  m_PrefabAsset: {fileID: 0}
--- !u!1001 &4208923468553388096
PrefabInstance:
  m_ObjectHideFlags: 0
  serializedVersion: 2
  m_Modification:
    m_TransformParent: {fileID: 6363640995377902564}
    m_Modifications:
    - target: {fileID: 3345791331310210541, guid: ade07b99e5bffac48ad00d520f67c0fd,
        type: 3}
      propertyPath: m_Name
      value: KeySpawn
      objectReference: {fileID: 0}
    - target: {fileID: 5057191478908044712, guid: ade07b99e5bffac48ad00d520f67c0fd,
        type: 3}
      propertyPath: m_LocalPosition.x
      value: 0.243
      objectReference: {fileID: 0}
    - target: {fileID: 5057191478908044712, guid: ade07b99e5bffac48ad00d520f67c0fd,
        type: 3}
      propertyPath: m_LocalPosition.y
      value: 0
      objectReference: {fileID: 0}
    - target: {fileID: 5057191478908044712, guid: ade07b99e5bffac48ad00d520f67c0fd,
        type: 3}
      propertyPath: m_LocalPosition.z
      value: 0
      objectReference: {fileID: 0}
    - target: {fileID: 5057191478908044712, guid: ade07b99e5bffac48ad00d520f67c0fd,
        type: 3}
      propertyPath: m_LocalRotation.x
      value: 0
      objectReference: {fileID: 0}
    - target: {fileID: 5057191478908044712, guid: ade07b99e5bffac48ad00d520f67c0fd,
        type: 3}
      propertyPath: m_LocalRotation.y
      value: 0
      objectReference: {fileID: 0}
    - target: {fileID: 5057191478908044712, guid: ade07b99e5bffac48ad00d520f67c0fd,
        type: 3}
      propertyPath: m_LocalRotation.z
      value: 0
      objectReference: {fileID: 0}
    - target: {fileID: 5057191478908044712, guid: ade07b99e5bffac48ad00d520f67c0fd,
        type: 3}
      propertyPath: m_LocalRotation.w
      value: 1
      objectReference: {fileID: 0}
    - target: {fileID: 5057191478908044712, guid: ade07b99e5bffac48ad00d520f67c0fd,
        type: 3}
      propertyPath: m_RootOrder
      value: 1
      objectReference: {fileID: 0}
    - target: {fileID: 5057191478908044712, guid: ade07b99e5bffac48ad00d520f67c0fd,
        type: 3}
      propertyPath: m_LocalEulerAnglesHint.x
      value: 0
      objectReference: {fileID: 0}
    - target: {fileID: 5057191478908044712, guid: ade07b99e5bffac48ad00d520f67c0fd,
        type: 3}
      propertyPath: m_LocalEulerAnglesHint.y
      value: 0
      objectReference: {fileID: 0}
    - target: {fileID: 5057191478908044712, guid: ade07b99e5bffac48ad00d520f67c0fd,
        type: 3}
      propertyPath: m_LocalEulerAnglesHint.z
      value: 0
      objectReference: {fileID: 0}
    m_RemovedComponents: []
  m_SourcePrefab: {fileID: 100100000, guid: ade07b99e5bffac48ad00d520f67c0fd, type: 3}
--- !u!1001 &5161837340665028880
PrefabInstance:
  m_ObjectHideFlags: 0
  serializedVersion: 2
  m_Modification:
    m_TransformParent: {fileID: 4853619684983720905}
    m_Modifications:
    - target: {fileID: 1393001661345493280, guid: 263cadc0b71be2742b414cf477263e3e,
        type: 3}
      propertyPath: m_Name
      value: Room T (3)
      objectReference: {fileID: 0}
    - target: {fileID: 1393001661345493281, guid: 263cadc0b71be2742b414cf477263e3e,
        type: 3}
      propertyPath: m_LocalPosition.x
      value: -4
      objectReference: {fileID: 0}
    - target: {fileID: 1393001661345493281, guid: 263cadc0b71be2742b414cf477263e3e,
        type: 3}
      propertyPath: m_LocalPosition.y
      value: -4
      objectReference: {fileID: 0}
    - target: {fileID: 1393001661345493281, guid: 263cadc0b71be2742b414cf477263e3e,
        type: 3}
      propertyPath: m_LocalPosition.z
      value: 0
      objectReference: {fileID: 0}
    - target: {fileID: 1393001661345493281, guid: 263cadc0b71be2742b414cf477263e3e,
        type: 3}
      propertyPath: m_LocalRotation.x
      value: 0
      objectReference: {fileID: 0}
    - target: {fileID: 1393001661345493281, guid: 263cadc0b71be2742b414cf477263e3e,
        type: 3}
      propertyPath: m_LocalRotation.y
      value: 0
      objectReference: {fileID: 0}
    - target: {fileID: 1393001661345493281, guid: 263cadc0b71be2742b414cf477263e3e,
        type: 3}
      propertyPath: m_LocalRotation.z
      value: 0
      objectReference: {fileID: 0}
    - target: {fileID: 1393001661345493281, guid: 263cadc0b71be2742b414cf477263e3e,
        type: 3}
      propertyPath: m_LocalRotation.w
      value: 1
      objectReference: {fileID: 0}
    - target: {fileID: 1393001661345493281, guid: 263cadc0b71be2742b414cf477263e3e,
        type: 3}
      propertyPath: m_RootOrder
      value: 4
      objectReference: {fileID: 0}
    - target: {fileID: 1393001661345493281, guid: 263cadc0b71be2742b414cf477263e3e,
        type: 3}
      propertyPath: m_LocalEulerAnglesHint.x
      value: 0
      objectReference: {fileID: 0}
    - target: {fileID: 1393001661345493281, guid: 263cadc0b71be2742b414cf477263e3e,
        type: 3}
      propertyPath: m_LocalEulerAnglesHint.y
      value: 0
      objectReference: {fileID: 0}
    - target: {fileID: 1393001661345493281, guid: 263cadc0b71be2742b414cf477263e3e,
        type: 3}
      propertyPath: m_LocalEulerAnglesHint.z
      value: 0
      objectReference: {fileID: 0}
    - target: {fileID: 6599887360916191983, guid: 263cadc0b71be2742b414cf477263e3e,
        type: 3}
      propertyPath: reachable
      value: 0
      objectReference: {fileID: 0}
    - target: {fileID: 6599887360916191983, guid: 263cadc0b71be2742b414cf477263e3e,
        type: 3}
      propertyPath: securityAddon
      value: 
      objectReference: {fileID: 7588236018678689515}
    m_RemovedComponents: []
  m_SourcePrefab: {fileID: 100100000, guid: 263cadc0b71be2742b414cf477263e3e, type: 3}
--- !u!4 &6122195191897608241 stripped
Transform:
  m_CorrespondingSourceObject: {fileID: 1393001661345493281, guid: 263cadc0b71be2742b414cf477263e3e,
    type: 3}
  m_PrefabInstance: {fileID: 5161837340665028880}
  m_PrefabAsset: {fileID: 0}
--- !u!1 &7588236018678689515 stripped
GameObject:
  m_CorrespondingSourceObject: {fileID: 3381169513398882299, guid: 263cadc0b71be2742b414cf477263e3e,
    type: 3}
  m_PrefabInstance: {fileID: 5161837340665028880}
  m_PrefabAsset: {fileID: 0}
--- !u!1001 &5405689980332409541
PrefabInstance:
  m_ObjectHideFlags: 0
  serializedVersion: 2
  m_Modification:
    m_TransformParent: {fileID: 4853619684983720905}
    m_Modifications:
    - target: {fileID: 1393001661345493280, guid: 40aabcc76dc210d4eb57257bf701d903,
        type: 3}
      propertyPath: m_Name
      value: Room TBL (1)
      objectReference: {fileID: 0}
    - target: {fileID: 1393001661345493281, guid: 40aabcc76dc210d4eb57257bf701d903,
        type: 3}
      propertyPath: m_LocalPosition.x
      value: 0
      objectReference: {fileID: 0}
    - target: {fileID: 1393001661345493281, guid: 40aabcc76dc210d4eb57257bf701d903,
        type: 3}
      propertyPath: m_LocalPosition.y
      value: 0
      objectReference: {fileID: 0}
    - target: {fileID: 1393001661345493281, guid: 40aabcc76dc210d4eb57257bf701d903,
        type: 3}
      propertyPath: m_LocalPosition.z
      value: 0
      objectReference: {fileID: 0}
    - target: {fileID: 1393001661345493281, guid: 40aabcc76dc210d4eb57257bf701d903,
        type: 3}
      propertyPath: m_LocalRotation.x
      value: 0
      objectReference: {fileID: 0}
    - target: {fileID: 1393001661345493281, guid: 40aabcc76dc210d4eb57257bf701d903,
        type: 3}
      propertyPath: m_LocalRotation.y
      value: 0
      objectReference: {fileID: 0}
    - target: {fileID: 1393001661345493281, guid: 40aabcc76dc210d4eb57257bf701d903,
        type: 3}
      propertyPath: m_LocalRotation.z
      value: 0
      objectReference: {fileID: 0}
    - target: {fileID: 1393001661345493281, guid: 40aabcc76dc210d4eb57257bf701d903,
        type: 3}
      propertyPath: m_LocalRotation.w
      value: 1
      objectReference: {fileID: 0}
    - target: {fileID: 1393001661345493281, guid: 40aabcc76dc210d4eb57257bf701d903,
        type: 3}
      propertyPath: m_RootOrder
      value: 2
      objectReference: {fileID: 0}
    - target: {fileID: 1393001661345493281, guid: 40aabcc76dc210d4eb57257bf701d903,
        type: 3}
      propertyPath: m_LocalEulerAnglesHint.x
      value: 0
      objectReference: {fileID: 0}
    - target: {fileID: 1393001661345493281, guid: 40aabcc76dc210d4eb57257bf701d903,
        type: 3}
      propertyPath: m_LocalEulerAnglesHint.y
      value: 0
      objectReference: {fileID: 0}
    - target: {fileID: 1393001661345493281, guid: 40aabcc76dc210d4eb57257bf701d903,
        type: 3}
      propertyPath: m_LocalEulerAnglesHint.z
      value: 0
      objectReference: {fileID: 0}
    - target: {fileID: 3734515531727434963, guid: 40aabcc76dc210d4eb57257bf701d903,
        type: 3}
      propertyPath: reachable
      value: 0
      objectReference: {fileID: 0}
    - target: {fileID: 3734515531727434963, guid: 40aabcc76dc210d4eb57257bf701d903,
        type: 3}
      propertyPath: alwaysRegular
      value: 0
      objectReference: {fileID: 0}
    - target: {fileID: 3734515531727434963, guid: 40aabcc76dc210d4eb57257bf701d903,
        type: 3}
      propertyPath: securityAddon
      value: 
      objectReference: {fileID: 3709603279774441831}
    - target: {fileID: 5717294487422263166, guid: 40aabcc76dc210d4eb57257bf701d903,
        type: 3}
      propertyPath: reachable
      value: 0
      objectReference: {fileID: 0}
    - target: {fileID: 5717294487422263166, guid: 40aabcc76dc210d4eb57257bf701d903,
        type: 3}
      propertyPath: securityAddon
      value: 
      objectReference: {fileID: 2699329210658515461}
    - target: {fileID: 6599887360916191983, guid: 40aabcc76dc210d4eb57257bf701d903,
        type: 3}
      propertyPath: securityAddon
      value: 
      objectReference: {fileID: 7343274943378836798}
    - target: {fileID: 6599887360916191983, guid: 40aabcc76dc210d4eb57257bf701d903,
        type: 3}
      propertyPath: reachable
      value: 0
      objectReference: {fileID: 0}
    m_RemovedComponents: []
  m_SourcePrefab: {fileID: 100100000, guid: 40aabcc76dc210d4eb57257bf701d903, type: 3}
--- !u!1 &6363640995377902565 stripped
GameObject:
  m_CorrespondingSourceObject: {fileID: 1393001661345493280, guid: 40aabcc76dc210d4eb57257bf701d903,
    type: 3}
  m_PrefabInstance: {fileID: 5405689980332409541}
  m_PrefabAsset: {fileID: 0}
--- !u!4 &6363640995377902564 stripped
Transform:
  m_CorrespondingSourceObject: {fileID: 1393001661345493281, guid: 40aabcc76dc210d4eb57257bf701d903,
    type: 3}
  m_PrefabInstance: {fileID: 5405689980332409541}
  m_PrefabAsset: {fileID: 0}
--- !u!1 &3709603279774441831 stripped
GameObject:
  m_CorrespondingSourceObject: {fileID: 8682930060724691874, guid: 40aabcc76dc210d4eb57257bf701d903,
    type: 3}
  m_PrefabInstance: {fileID: 5405689980332409541}
  m_PrefabAsset: {fileID: 0}
--- !u!1 &2699329210658515461 stripped
GameObject:
  m_CorrespondingSourceObject: {fileID: 7958194758985771200, guid: 40aabcc76dc210d4eb57257bf701d903,
    type: 3}
  m_PrefabInstance: {fileID: 5405689980332409541}
  m_PrefabAsset: {fileID: 0}
--- !u!1 &7343274943378836798 stripped
GameObject:
  m_CorrespondingSourceObject: {fileID: 3381169513398882299, guid: 40aabcc76dc210d4eb57257bf701d903,
    type: 3}
  m_PrefabInstance: {fileID: 5405689980332409541}
  m_PrefabAsset: {fileID: 0}
--- !u!1001 &6837605556146014110
PrefabInstance:
  m_ObjectHideFlags: 0
  serializedVersion: 2
  m_Modification:
    m_TransformParent: {fileID: 4853619684983720905}
    m_Modifications:
    - target: {fileID: 1393001661345493280, guid: 0cdc33537e8b5db469d04d07c85b8b8f,
        type: 3}
      propertyPath: m_Name
      value: Room BR (1)
      objectReference: {fileID: 0}
    - target: {fileID: 1393001661345493281, guid: 0cdc33537e8b5db469d04d07c85b8b8f,
        type: 3}
      propertyPath: m_LocalPosition.x
      value: -4
      objectReference: {fileID: 0}
    - target: {fileID: 1393001661345493281, guid: 0cdc33537e8b5db469d04d07c85b8b8f,
        type: 3}
      propertyPath: m_LocalPosition.y
      value: 0
      objectReference: {fileID: 0}
    - target: {fileID: 1393001661345493281, guid: 0cdc33537e8b5db469d04d07c85b8b8f,
        type: 3}
      propertyPath: m_LocalPosition.z
      value: 0
      objectReference: {fileID: 0}
    - target: {fileID: 1393001661345493281, guid: 0cdc33537e8b5db469d04d07c85b8b8f,
        type: 3}
      propertyPath: m_LocalRotation.x
      value: 0
      objectReference: {fileID: 0}
    - target: {fileID: 1393001661345493281, guid: 0cdc33537e8b5db469d04d07c85b8b8f,
        type: 3}
      propertyPath: m_LocalRotation.y
      value: 0
      objectReference: {fileID: 0}
    - target: {fileID: 1393001661345493281, guid: 0cdc33537e8b5db469d04d07c85b8b8f,
        type: 3}
      propertyPath: m_LocalRotation.z
      value: 0
      objectReference: {fileID: 0}
    - target: {fileID: 1393001661345493281, guid: 0cdc33537e8b5db469d04d07c85b8b8f,
        type: 3}
      propertyPath: m_LocalRotation.w
      value: 1
      objectReference: {fileID: 0}
    - target: {fileID: 1393001661345493281, guid: 0cdc33537e8b5db469d04d07c85b8b8f,
        type: 3}
      propertyPath: m_RootOrder
      value: 5
      objectReference: {fileID: 0}
    - target: {fileID: 1393001661345493281, guid: 0cdc33537e8b5db469d04d07c85b8b8f,
        type: 3}
      propertyPath: m_LocalEulerAnglesHint.x
      value: 0
      objectReference: {fileID: 0}
    - target: {fileID: 1393001661345493281, guid: 0cdc33537e8b5db469d04d07c85b8b8f,
        type: 3}
      propertyPath: m_LocalEulerAnglesHint.y
      value: 0
      objectReference: {fileID: 0}
    - target: {fileID: 1393001661345493281, guid: 0cdc33537e8b5db469d04d07c85b8b8f,
        type: 3}
      propertyPath: m_LocalEulerAnglesHint.z
      value: 0
      objectReference: {fileID: 0}
    - target: {fileID: 3896265794236250049, guid: 0cdc33537e8b5db469d04d07c85b8b8f,
        type: 3}
      propertyPath: reachable
      value: 0
      objectReference: {fileID: 0}
    - target: {fileID: 3896265794236250049, guid: 0cdc33537e8b5db469d04d07c85b8b8f,
        type: 3}
      propertyPath: securityAddon
      value: 
      objectReference: {fileID: 128634252504222501}
    - target: {fileID: 3734515531727434963, guid: 0cdc33537e8b5db469d04d07c85b8b8f,
        type: 3}
      propertyPath: reachable
      value: 0
      objectReference: {fileID: 0}
    - target: {fileID: 3734515531727434963, guid: 0cdc33537e8b5db469d04d07c85b8b8f,
        type: 3}
      propertyPath: securityAddon
      value: 
      objectReference: {fileID: 2782090854701753404}
    m_RemovedComponents: []
  m_SourcePrefab: {fileID: 100100000, guid: 0cdc33537e8b5db469d04d07c85b8b8f, type: 3}
--- !u!4 &5598222447893870271 stripped
Transform:
  m_CorrespondingSourceObject: {fileID: 1393001661345493281, guid: 0cdc33537e8b5db469d04d07c85b8b8f,
    type: 3}
  m_PrefabInstance: {fileID: 6837605556146014110}
  m_PrefabAsset: {fileID: 0}
--- !u!1 &2782090854701753404 stripped
GameObject:
  m_CorrespondingSourceObject: {fileID: 8682930060724691874, guid: 0cdc33537e8b5db469d04d07c85b8b8f,
    type: 3}
  m_PrefabInstance: {fileID: 6837605556146014110}
  m_PrefabAsset: {fileID: 0}
--- !u!1 &128634252504222501 stripped
GameObject:
  m_CorrespondingSourceObject: {fileID: 6858153396107758779, guid: 0cdc33537e8b5db469d04d07c85b8b8f,
    type: 3}
  m_PrefabInstance: {fileID: 6837605556146014110}
  m_PrefabAsset: {fileID: 0}
--- !u!1001 &7799982714983629321
PrefabInstance:
  m_ObjectHideFlags: 0
  serializedVersion: 2
  m_Modification:
    m_TransformParent: {fileID: 4853619684983720905}
    m_Modifications:
    - target: {fileID: 2625717081278709991, guid: 8abdde931c053eb4090664baa3fdfc7c,
        type: 3}
      propertyPath: m_Name
      value: WeakWallSpawnPoint
      objectReference: {fileID: 0}
    - target: {fileID: 2625717081278710009, guid: 8abdde931c053eb4090664baa3fdfc7c,
        type: 3}
      propertyPath: m_LocalPosition.x
      value: 0.71
      objectReference: {fileID: 0}
    - target: {fileID: 2625717081278710009, guid: 8abdde931c053eb4090664baa3fdfc7c,
        type: 3}
      propertyPath: m_LocalPosition.y
      value: -2.01
      objectReference: {fileID: 0}
    - target: {fileID: 2625717081278710009, guid: 8abdde931c053eb4090664baa3fdfc7c,
        type: 3}
      propertyPath: m_LocalPosition.z
      value: 0
      objectReference: {fileID: 0}
    - target: {fileID: 2625717081278710009, guid: 8abdde931c053eb4090664baa3fdfc7c,
        type: 3}
      propertyPath: m_LocalRotation.x
      value: 0
      objectReference: {fileID: 0}
    - target: {fileID: 2625717081278710009, guid: 8abdde931c053eb4090664baa3fdfc7c,
        type: 3}
      propertyPath: m_LocalRotation.y
      value: 0
      objectReference: {fileID: 0}
    - target: {fileID: 2625717081278710009, guid: 8abdde931c053eb4090664baa3fdfc7c,
        type: 3}
      propertyPath: m_LocalRotation.z
      value: 0
      objectReference: {fileID: 0}
    - target: {fileID: 2625717081278710009, guid: 8abdde931c053eb4090664baa3fdfc7c,
        type: 3}
      propertyPath: m_LocalRotation.w
      value: 1
      objectReference: {fileID: 0}
    - target: {fileID: 2625717081278710009, guid: 8abdde931c053eb4090664baa3fdfc7c,
        type: 3}
      propertyPath: m_RootOrder
      value: 0
      objectReference: {fileID: 0}
    - target: {fileID: 2625717081278710009, guid: 8abdde931c053eb4090664baa3fdfc7c,
        type: 3}
      propertyPath: m_LocalEulerAnglesHint.x
      value: 0
      objectReference: {fileID: 0}
    - target: {fileID: 2625717081278710009, guid: 8abdde931c053eb4090664baa3fdfc7c,
        type: 3}
      propertyPath: m_LocalEulerAnglesHint.y
      value: 0
      objectReference: {fileID: 0}
    - target: {fileID: 2625717081278710009, guid: 8abdde931c053eb4090664baa3fdfc7c,
        type: 3}
      propertyPath: m_LocalEulerAnglesHint.z
      value: 0
      objectReference: {fileID: 0}
    m_RemovedComponents: []
  m_SourcePrefab: {fileID: 100100000, guid: 8abdde931c053eb4090664baa3fdfc7c, type: 3}
--- !u!4 &5210507753763783408 stripped
Transform:
  m_CorrespondingSourceObject: {fileID: 2625717081278710009, guid: 8abdde931c053eb4090664baa3fdfc7c,
    type: 3}
  m_PrefabInstance: {fileID: 7799982714983629321}
  m_PrefabAsset: {fileID: 0}
